Map: 黄金墙-天梯版

Players

Cyan - Winner!

  • Race: Protoss Protoss

iGXiGua (XiGua)

  • Race: Zerg Zerg

Event: DreamHack SC2 Masters 2020 Summer China

VOD

Have the link to the VOD?

Description

Time

  • Played on: July 1, 2020, 7:21 a.m.
  • Length: 9:51

All games in this series

Show
View Real Time Build Order
Export as new Build Order

Cyan Protoss - Winner!

Build Orders: Nexus First, Archon Immortal 

Get SALT Encoding   

  12  0:00  Probe  
  13  0:12  Probe  
  14  0:19  Pylon  
  14  0:25  Probe  
  15  0:33  Probe  
  15  0:41  Probe  
  17  0:51  Probe  
  18  1:02  Nexus  
  18  1:07  Probe  
  19  1:15  Gateway  
  19  1:19  Probe  
  19  1:22  Assimilator  
  20  1:31  Assimilator, Probe  
  21  1:38  Pylon  
  21  1:43  Probe  
  22  1:55  Probe  
  23  2:02  Cybernetics Core  
  23  2:04  Gateway  
  23  2:07  Probe  
  24  2:11  Probe  
  24  2:12  Zealot  
  27  2:19  Probe x2  
  28  2:29  Stalker, Probe, Warp Gate  
  29  2:31  Probe  
  31  2:39  Probe  
  34  2:44  Probe  
  34  2:47  Probe  
  35  2:56  Probe, Robotics Facility  
  37  2:58  Probe  
  37  2:59  Sentry  
  40  3:08  Probe x2  
  40  3:09  Pylon  
  40  3:12  Sentry  
  44  3:16  Probe  
  44  3:19  Shield Battery  
  44  3:21  Probe  
  44  3:25  Probe  
  46  3:30  Twilight Council  
  46  3:33  Probe  
  48  3:35  Pylon  
  48  3:37  Probe  
  49  3:49  Immortal  
  49  3:50  Gateway  
  49  3:54  Gateway  
  53  4:03  Gateway  
  53  4:04  Gateway, Charge  
  53  4:15  Probe  
  53  4:16  Assimilator  
  54  4:17  Assimilator, Probe  
  54  4:21  Warp Prism  
  54  4:23  Pylon x2  
  57  4:35  Probe  
  58  4:41  Pylon, Probe  
  59  4:55  Warp Prism  
  59  4:56  Zealot x2  
  65  5:02  Zealot x3  
  71  5:19  Nexus  
  71  5:21  Pylon  
  71  5:24  Observer  
  71  5:34  Templar Archives  
  72  5:37  Zealot x2  
  72  5:38  Zealot  
  72  5:40  Zealot  
  76  5:44  Shield Battery  
  76  5:45  Sentry  
  76  5:46  Sentry  
  80  5:54  Immortal  
  84  5:59  Sentry  
  84  6:00  Zealot  
  84  6:07  Shield Battery  
  84  6:08  Shield Battery  
  80  6:19  Sentry  
  80  6:23  Pylon  
  80  6:25  Pylon  
  78  6:27  High Templar x3  
  78  6:28  Pylon  
  80  6:34  Archon, High Templar  
  80  6:36  Zealot  
  80  6:38  Archon  
  84  6:42  Zealot  
  86  6:47  Gateway  
  86  6:49  Gateway  
  86  6:50  Pylon  
  80  7:03  Zealot x5  
  90  7:23  Zealot  
  90  7:24  Immortal, Zealot x5  
  98  7:31  Nexus  
  98  7:32  Pylon  
  92  7:44  Zealot x2  
  94  7:51  Immortal  
  82  8:20  Forge, High Templar x4  
  82  8:24  Archon, Shield Battery  
  82  8:25  Pylon  
  82  8:26  High Templar x2  
  94  8:27  Immortal, Zealot  
  94  8:28  Archon  
  94  8:30  Adept  
  94  8:31  Archon  
  102  8:52  Zealot x2  
  106  8:56  Zealot  
  106  8:57  High Templar, Zealot x2  
  106  8:59  Zealot  
  106  9:01  Zealot x2  
  106  9:02  Zealot x2  
  114  9:15  Zealot  
  111  9:21  Zealot x3  
  106  9:24  Zealot  
  105  9:31  High Templar x3  
  105  9:36  Archon, High Templar  
Show
View Real Time Build Order
Export as new Build Order

iGXiGua Zerg 

Build Orders: Hatch First 

Get SALT Encoding   

  12  0:00  Drone  
  13  0:12  Overlord  
  13  0:18  Drone  
  14  0:31  Drone x2  
  16  0:48  Hatchery  
  15  0:51  Drone  
  15  0:55  Drone  
  17  0:59  Drone  
  18  1:09  Extractor  
  17  1:14  Spawning Pool  
  17  1:18  Drone  
  17  1:21  Drone  
  18  1:27  Drone  
  19  1:38  Drone  
  20  1:50  Drone  
  20  1:52  Hatchery  
  20  2:01  Zergling x2  
  21  2:03  Queen  
  21  2:07  Drone  
  24  2:10  Drone  
  25  2:16  Overlord  
  25  2:21  Metabolic Boost  
  25  2:30  Queen  
  25  2:35  Drone  
  25  2:36  Drone  
  29  2:39  Drone  
  30  2:46  Queen  
  30  2:48  Drone  
  33  2:52  Drone  
  33  2:54  Drone  
  33  2:56  Drone  
  36  3:03  Queen  
  38  3:06  Drone  
  38  3:09  Drone  
  38  3:10  Drone  
  38  3:12  Drone  
  42  3:15  Overlord  
  42  3:22  Roach Warren  
  41  3:27  Drone  
  41  3:28  Overlord  
  41  3:31  Extractor  
  41  3:34  Overlord  
  41  3:35  Drone  
  41  3:38  Drone x2  
  44  3:42  Drone  
  44  3:43  Drone x2  
  44  3:45  Drone  
  44  3:47  Drone  
  49  3:53  Drone x2  
  51  3:58  Drone x4  
  51  4:01  Overlord  
  55  4:07  Overlord  
  55  4:09  Overlord  
  55  4:15  Extractor  
  54  4:18  Overlord  
  54  4:19  Overlord  
  54  4:28  Roach x5  
  64  4:33  Roach x2  
  64  4:37  Lair  
  68  4:41  Roach  
  68  4:42  Roach  
  72  4:54  Zergling x16  
  80  5:04  Zergling x12  
  85  5:08  Zergling x2  
  85  5:09  Zergling x4  
  88  5:17  Zergling x8, Extractor x2  
  90  5:23  Zergling x6  
  90  5:25  Ravager x5  
  100  5:33  Overlord x2  
  100  5:34  Zergling x6  
  103  5:36  Ravager  
  102  5:45  Zergling x10  
  103  5:53  Roach x2  
  105  5:59  Roach x2, Zergling x4  
  105  6:00  Zergling x2  
  98  6:11  Drone x3  
  98  6:17  Drone x2  
  94  6:26  Drone x2  
  94  6:27  Drone  
  97  6:33  Drone  
  97  6:35  Ravager x2  
  97  6:38  Ravager  
  101  6:42  Ravager  
  101  6:45  Drone x3  
  105  6:47  Overseer  
  105  6:51  Drone x4  
  98  6:56  Drone x3  
  98  6:59  Drone  
  98  7:00  Drone x2  
  92  7:05  Extractor x2  
  92  7:08  Spine Crawler  
  89  7:12  Evolution Chamber, Roach x3  
  95  7:16  Roach x2  
  96  7:23  Roach x4  
  102  7:30  Roach  
  102  7:32  Roach  
  97  7:49  Roach x2, Zergling x14  
  106  7:56  Roach  
  106  7:57  Roach  
  101  8:08  Queen  
  97  8:13  Overseer, Drone x3  
  97  8:14  Drone  
  97  8:17  Drone  
  97  8:18  Drone  
  99  8:22  Glial Reconstitution  
  99  8:28  Drone  
  99  8:29  Drone x2  
  99  8:31  Drone  
  103  8:38  Drone x2  
  105  8:46  Queen  
  105  8:48  Ravager  
  105  8:49  Ravager x2  
  105  8:50  Roach  
  105  8:51  Roach  
  112  8:58  Roach x3  
  118  9:03  Roach  
  118  9:05  Overlord x2  
  118  9:08  Overlord  
  116  9:17  Roach x2  
  116  9:22  Roach x4  
  108  9:26  Roach x2  
  108  9:30  Roach x2  
Tags
 
Add a new tag
Caveats
  • Supply blocks, unpowered buildings, or Contaminate may cause inaccurate times.
  • Supply counts are checked every 10 seconds.